 Dungeon Sprint DCSS version 0.31-a0-1376-g36f0627844 (webtiles) character file.

Game seed: 16065500910481439692

274246 Groucho the Imperceptible (level 12, 72/77 HPs)
             Began as a Felid Berserker on Dec 24, 2023.
             Was an Elder of Trog.
             Escaped with the Orb!
             The game lasted 00:13:50 (4428 turns).

Groucho the Imperceptible (Felid Berserker)         Turns: 4428, Time: 00:13:51

Health: 72/77      AC:  3    Str: 11    XL:     12   Next: 43%
Magic:  13/13      EV: 36    Int:  9    God:    Trog [****..]
Gold:   685        SH:  0    Dex: 21    Spells: 11/11 levels left
                                        Lives:  0   Deaths: 3

rFire   + .          .
                       - Unarmed
rCold   . . .        (shield unavailable)
rNeg    . . .        (body armour unavailable)
rPois   .            (helmet unavailable)
rElec   .            (cloak unavailable)
rCorr   .            (gloves unavailable)
SInv    +            (boots unavailable)
Will    +....        q - amulet of regeneration
Stlth   ++++         f - ring of fire
HPRegen 1.12/turn    (no ring)
MPRegen 0.13/turn

%: no teleportation
@: no status effects
A: very small, claws 1, fangs 3, see invisible, shaggy fur 3, stealthy paws, no
weapons or thrown items, no armour, multi-lived, dopey 1, weak 1
0: Orb of Zot
a: Renounce Religion, Berserk, Trog's Hand, Brothers in Arms


You escaped.
You worshipped Trog.
Trog was greatly pleased with you.
You visited 1 branch You collected 2756 gold pieces.
You spent 2071 gold pieces at shops.

Inventory:

Jewellery
 f - a ring of fire (left paw)
 k - the ring of Wariness {rPois rN+ Will+ Str-3 Int+3}
   (You bought it in a shop in the Dungeon)

   [ring of positive energy]

   Str-3:     It affects your strength (-3).
   Int+3:     It affects your intelligence (+3).
   rPois:     It protects you from poison rN+: It protects you from negative
   energy.
   Will+:     It increases your willpower.
 q - an amulet of regeneration (around neck)
Wands
 g - a wand of roots (8)
 h - a wand of flame (29)
 i - a wand of digging (2)
Scrolls
 b - a scroll of enchant armour {unknown}
 c - a scroll of silence
 l - a scroll of identify {unknown}
 s - a scroll of enchant weapon {unknown}
Potions
 a - 9 potions of curing
 d - 3 potions of magic
 e - 3 potions of berserk rage
 j - a potion of enlightenment
 m - a potion of lignification {unknown}
 n - a potion of attraction {unknown}
 o - a potion of resistance
 p - a potion of haste
 r - a potion of heal wounds


   Skills:
 + Level 15.6 Fighting
 + Level 19.6 Dodging
 - Level 26.4 Stealth
 + Level 15.4 Unarmed Combat


You had 11 spell levels left.
You didn't know any spells.
Your spell library was empty.

Dungeon Overview and Level Annotations

Branches:
Dungeon (1/1)

Altars:
Cheibriados
Dithmenos
Elyvilon
Fedhas
Gozag
Hepliaklqana
Kikubaaqudgha
Makhleb
Nemelex Xobeh
Okawaru
Qazlal
Ru
Sif Muna
Trog
Uskayaw
Vehumet
Wu Jian
Xom
Yredelemnul
Zin
The Shining One
Jiyva
Lugonu

Shops:
D :[=!(?*!!(*[::?((*=[[

Annotations:
D Tiamat


Innate Abilities, Weirdness & Mutations

You have sharp claws.
You have razor-sharp teeth.
You have supernaturally acute eyesight. (SInv)
Your thick and shaggy fur keeps you warm. (AC +3, rC+)
Your paws help you pounce on unaware monsters.
You are incapable of wielding weapons or throwing items.
You cannot wear armour.
You gain extra lives every three experience levels.
You are dopey. (Int -2)
You are weak. (Str -2)


Message History

You see here the Orb of Zot.
You pick up the Orb of Zot!
The Orb lets out an ear-shattering shriek!
The lords of Pandemonium are not amused.
Beware!
Now all you have to do is get back out of the dungeon!
Something screams, "Accept thy fall, thou currish folly-fallen mendicant!"
Things that are here:
a +0 great sword of flaming; a fire giant skeleton
There is an open door here.
You see here a +2 great sword of flaming.
You see here a +5 great sword of flaming.
There is an open door here.
You are starting to lose your buoyancy.
There is an open door, spattered with blood here.
There is a broken door, spattered with blood here.
You float gracefully downwards.
A lich comes into view.
Your extra speed is starting to run out.
The lich shouts!
The daeva shouts!
You hear an angry buzzing noise.
The daeva calls down the wrath of the Shining One upon you.
The Shining One smites you!
There is an open door, spattered with blood here.
Your enlightenment fades.
The daeva calls down the wrath of the Shining One upon you.
The Shining One smites you!
There is an open door here.
You feel yourself slow down.
There is an open door here.
There is an open door here.
The daeva calls down the wrath of the Shining One upon you.
The Shining One smites you!
There is an open door here.
Things that are here:
a +0 scythe; a +0 robe
There is an open door here.
You see here a +0 giant club.
There is an open door here.
There is an open door here.
There is a staircase leading out of the dungeon here.
You have escaped!

##################
#@.#..'..#.)'..#__
#..').#.)'..#..'..
#..#####+#####'#__
#..####..#...#.###
#..#__####..##§#~§
#..#_____##'#_§§§§
#⌠⌠#_.∩...'..._#§§
####_..__##_.#'##§
#_____###'#.#[.


There were no monsters in sight!

Vanquished Creatures
  2 fire giants (D)
  A lorocyproca (D)
  A hydra (D)
  2 centaur warriors (D)
  A demonic crawler (D)
  Sonja (D)
  A deep troll (D)
  A lindwurm (D)
  An oklob plant (D)
  A gargoyle (D)
  6 unseen horrors (D)
  2 kobold demonologists (D)
  3 glass eyes (D)
  A hornet (D)
  A slime creature (D)
  Sigmund (D)
  13 hogs (D)
  A yak (D)
  2 redbacks (D)
  An ogre (D)
  7 necrophages (D)
  8 jellies (D)
  Ijyb (D)
  A ballistomycete spore (D)
60 creatures vanquished.

Vanquished Creatures (collateral kills)
  2 fire giants (D)
  3 demonic crawlers (D)
  8 shining eyes (D)
  An unseen horror (D)
  4 glass eyes (D)
18 creatures vanquished.

Vanquished Creatures (others)
  A ballistomycete spore (D)
1 creature vanquished.

Grand Total: 79 creatures vanquished

Notes
Turn   | Place    | Note
-------+----------+-------------------------------------------
     0 | D        | Groucho the Felid Berserker began the quest for the Orb.
     0 | D        | Reached XP level 1. HP: 12/12 MP: 2/2
     2 | D        | Noticed Ijyb
     8 | D        | Killed Ijyb
     9 | D        | Reached skill level 8 in Stealth
     9 | D        | Reached XP level 2. HP: 6/16 MP: 3/3
   354 | D        | Noticed an ogre
   356 | D        | Killed an ogre
   357 | D        | Reached skill level 12 in Stealth
   357 | D        | Reached XP level 3. HP: 20/20 MP: 4/4
   357 | D        | Reached XP level 4. HP: 24/24 MP: 5/5
   371 | D        | Noticed Sigmund
   373 | D        | Killed Sigmund
   373 | D        | Reached ** piety under Trog
   374 | D        | Reached skill level 17 in Stealth
   374 | D        | Reached XP level 5. HP: 28/28 MP: 6/6
   374 | D        | Gained mutation: You are covered in thick fur. (AC +2)
                  | [Felid growth]
   374 | D        | Reached XP level 6. HP: 32/32 MP: 7/7
   387 | D        | Found a shimmering blue altar of Sif Muna.
   388 | D        | Found an ornate altar of the Wu Jian Council.
   389 | D        | Found a radiant altar of Vehumet.
   404 | D        | Found a burning altar of Makhleb.
   404 | D        | Found a shimmering altar of Xom.
   404 | D        | Noticed a slime creature
   405 | D        | Found a viscous altar of Jiyva.
   405 | D        | Found a corrupted altar of Lugonu.
   407 | D        | Killed a slime creature
   408 | D        | Reached skill level 19 in Stealth
   415 | D        | Found Muur's Distillery.
   415 | D        | Found an ancient bone altar of Kikubaaqudgha.
   415 | D        | Found a hazy altar of Hepliaklqana.
   415 | D        | Found a stormy altar of Qazlal.
   415 | D        | Found a hide-covered altar of Uskayaw.
   415 | D        | Found a blossoming altar of Fedhas.
   415 | D        | Found a bloodstained altar of Trog.
   415 | D        | Found an iron altar of Okawaru.
   415 | D        | Found a basalt altar of Yredelemnul.
   415 | D        | Found a glowing golden altar of the Shining One.
   415 | D        | Found a snail-covered altar of Cheibriados.
   415 | D        | Found a sacrificial altar of Ru.
   415 | D        | Found a glowing silver altar of Zin.
   415 | D        | Found a shadowy altar of Dithmenos.
   415 | D        | Found a white marble altar of Elyvilon.
   415 | D        | Noticed a yak
   416 | D        | Found an opulent altar of Gozag.
   417 | D        | Killed a yak
   417 | D        | Reached *** piety under Trog
   418 | D        | Reached skill level 20 in Stealth
   418 | D        | Reached XP level 7. HP: 36/36 MP: 8/8
   418 | D        | Found a sparkling altar of Nemelex Xobeh.
   456 | D        | Bought 2 potions of enlightenment for 140 gold pieces
   456 | D        | Bought a potion of curing for 42 gold pieces
   456 | D        | Bought a potion of curing for 42 gold pieces
   466 | D        | Noticed a centaur warrior
   471 | D        | Noticed a centaur warrior
   472 | D        | Killed a centaur warrior
   473 | D        | Reached skill level 23 in Stealth
   473 | D        | Reached XP level 8. HP: 40/40 MP: 9/9
   473 | D        | Killed a centaur warrior
   474 | D        | Reached skill level 25 in Stealth
   479 | D        | Noticed a hornet
   482 | D        | Killed a hornet
   483 | D        | Reached skill level 26 in Stealth
   493 | D        | Noticed an oklob plant
   495 | D        | Killed an oklob plant
   496 | D        | Reached XP level 9. HP: 46/46 MP: 10/10
   501 | D        | Reached **** piety under Trog
   502 | D        | Reached skill level 5 in Fighting
   502 | D        | Reached skill level 5 in Unarmed Combat
   532 | D        | Noticed an unseen horror
   532 | D        | Noticed an unseen horror
   548 | D        | Killed an unseen horror
   562 | D        | Killed an unseen horror
   986 | D        | Reached ***** piety under Trog
  1251 | D        | Reached ****** piety under Trog
  1252 | D        | Reached skill level 10 in Dodging
  1252 | D        | Reached XP level 10. HP: 56/56 MP: 11/11
  1266 | D        | Found Xecaozeafe's Distillery.
  1266 | D        | Found Ojarodug's Assorted Antiques.
  1266 | D        | Found Syhecur's Distillery.
  1268 | D        | Found Viseu's Antique Weapon Emporium.
  1268 | D        | Found Resm's Assorted Antiques.
  1268 | D        | Found Sagostrani's Antique Armour Shoppe.
  1268 | D        | Found Qikyd's Book Boutique.
  1268 | D        | Found Waoth's Book Emporium.
  1268 | D        | Found Jiuh's Magic Scroll Shop.
  1268 | D        | Found Dogeidubb's Weapon Shoppe.
  1272 | D        | Found Xamoimy's Weapon Boutique.
  1273 | D        | Found Rampaoli's Jewellery Emporium.
  1273 | D        | Found Qivosiw's Assorted Antiques.
  1274 | D        | Found Caunaj's Antique Armour Emporium.
  1285 | D        | Bought a ring of fire for 250 gold pieces
  1285 | D        | Bought the ring of Wariness {rPois rN+ Will+ Str-3 Int+3}
                  | for 368 gold pieces
  1329 | D        | Noticed a deep troll
  1331 | D        | Killed a deep troll
  1336 | D        | Found Wiop Hocext's Armour Emporium.
  1348 | D        | Noticed Sonja
  1351 | D        | Killed Sonja
  1405 | D        | Found Tuprames's Book Boutique.
  1476 | D        | Noticed a demonic crawler
  1476 | D        | Noticed a demonic crawler
  1476 | D        | Noticed a demonic crawler
  1476 | D        | Noticed a demonic crawler
  1478 | D        | Killed a demonic crawler
  1479 | D        | Reached skill level 10 in Fighting
  1479 | D        | Reached skill level 10 in Unarmed Combat
  1484 | D        | Killed a demonic crawler
  1485 | D        | Killed a demonic crawler
  1487 | D        | HP: 2/60 [demonic crawler (14)]
  1489 | D        | Killed a demonic crawler
  1490 | D        | Reached XP level 11. HP: 3/65 MP: 12/12
  1970 | D        | Noticed a lindwurm
  1972 | D        | Killed a lindwurm
  2013 | D        | Reached skill level 15 in Dodging
  2207 | D        | Noticed a 12-headed hydra
  2209 | D        | Killed a 12-headed hydra
  2269 | D        | Noticed a shadow dragon
  2269 | D        | Noticed a golden dragon
  2327 | D        | Noticed a lorocyproca
  2333 | D        | HP: 1/67 [lorocyproca (30)]
  2334 | D        | Killed from afar by a meliai
  2385 | D        | Killed a lorocyproca
  2741 | D        | Bought 2 potions of resistance for 280 gold pieces
  2741 | D        | Bought a potion of haste for 140 gold pieces
  2741 | D        | Bought a potion of berserk rage for 70 gold pieces
  2778 | D        | Bought a potion of heal wounds for 50 gold pieces
  2778 | D        | Bought a potion of heal wounds for 50 gold pieces
  2778 | D        | Bought a potion of degeneration for 10 gold pieces
  2778 | D        | Bought a potion of curing for 30 gold pieces
  2778 | D        | Bought a potion of curing for 30 gold pieces
  2778 | D        | Bought a potion of curing for 30 gold pieces
  2778 | D        | Bought a potion of curing for 30 gold pieces
  2825 | D        | Noticed a shining eye
  2825 | D        | Noticed a shining eye
  2825 | D        | Noticed a shining eye
  2825 | D        | Noticed a shining eye
  2825 | D        | Noticed a shining eye
  2825 | D        | Noticed a shining eye
  2826 | D        | Gained mutation: You have hidden genetic defects. [a
                  | shining eye]
  2827 | D        | Killed a shining eye
  2827 | D        | Killed a shining eye
  2828 | D        | Killed a shining eye
  2829 | D        | Killed a shining eye
  2831 | D        | Killed a shining eye
  2832 | D        | Noticed a shining eye
  2832 | D        | Noticed a shining eye
  2832 | D        | Killed a shining eye
  2835 | D        | Killed a shining eye
  2836 | D        | Gained mutation: Your thick and shaggy fur keeps you warm.
                  | (AC +3, rC+) [Felid growth]
  2836 | D        | Reached XP level 12. HP: 74/74 MP: 13/13
  2843 | D        | Found Xounuox's Antique Weapon Shop.
  2843 | D        | Found Byeng's Antique Armour Shoppe.
  2843 | D        | Found Miphota's Magic Scroll Boutique.
  2843 | D        | Found Ifeusop's Jewellery Emporium.
  2843 | D        | Gained mutation: You are weak. (Str -2) [hidden defects]
  2914 | D        | Noticed a daeva
  3086 | D        | HP: 1/75 [daeva/divine providence (14)]
  3092 | D        | Mangled by a daeva
  3569 | D        | Bought a scroll of silence for 95 gold pieces
  3621 | D        | Bought a scroll of silence for 114 gold pieces
  3670 | D        | Bought an amulet of regeneration for 300 gold pieces
  3743 | D        | Noticed a fire giant
  3752 | D        | Noticed a fire giant
  3753 | D        | Noticed a fire giant
  3755 | D        | Noticed a fire giant
  3759 | D        | Killed from afar by a fire giant
  3803 | D        | Killed a fire giant
  3804 | D        | Reached skill level 15 in Fighting
  3811 | D        | Killed a fire giant
  3812 | D        | Reached skill level 15 in Unarmed Combat
  3951 | D        | Killed a fire giant
  3954 | D        | Gained mutation: You are dopey. (Int -2) [hidden defects]
  3954 | D        | Lost mutation: You have hidden genetic defects. [hidden
                  | defects expressed]
  4134 | D        | Killed a fire giant
  4358 | D        | Found the +4 dragonskin cloak
  4358 | D        | Noticed Tiamat
  4360 | D        | Got the Orb of Zot
  4398 | D        | Noticed a lich
  4428 | D        | Escaped with the Orb!

Illustrated notes

Levels and vault maps discovered:
D:        dungeon_sprint_1 [red_sonja_temple_1, red_sonja_temple_small_1]

Skill      XL: |  1  2  3  4  5  6  7  8  9 10 11 12 |
---------------+-------------------------------------+-----
Stealth        | 8 12 17 20 23 26 | 26.4
Fighting       | 4 7 11 14 15 | 15.6
Dodging        | 6 10 14 18 19 | 19.6
Unarmed Combat | 4 7 11 14 15 | 15.4

Action                     |  1- 3 |  4- 6 |  7- 9 | 10-12 || total
---------------------------+-------+-------+-------+-------++-------
  Melee: Unarmed           |     5 |     4 |    59 |   133 ||   201
         Bite              |     1 |       |    12 |    23 ||    36
         Punch             |       |       |     2 |    16 ||    18
 Invoke: Berserk           |     1 |       |     3 |     4 ||     8
         Trog's Hand       |       |       |     4 |     4 ||     8
         Brothers in Arms  |       |       |       |    12 ||    12
  Evoke: Wand              |       |       |       |     3 ||     3
    Use: Scroll            |       |       |     1 |     1 ||     2
         Potion            |       |       |       |     9 ||     9
   Stab: Sleeping          |     1 |     4 |     9 |    13 ||    27
 Armour: Skin              |     2 |       |    24 |    38 ||    64
  Dodge: Dodged            |       |       |    75 |   130 ||   205

Table legend: (Time is in decaauts)
 A = Elapsed time spent in this place.
 B = Non-inter-level travel time spent in this place.
 C = Inter-level travel time spent in this place.
 D = Time resting spent in this place.
 E = Time spent auto-exploring this place.
 F = Levels seen in this place.
 G = Mean time per level.
                   A        B        C        D        E       F      G
               +--------+--------+--------+--------+--------+-----+--------+
         Total |   4426 |   4067 |    359 |   2821 |     10 |   1 | 4426.0 |
       Dungeon |   4426 |   4067 |    359 |   2821 |     10 |   1 | 4426.0 |
               +--------+--------+--------+--------+--------+-----+--------+

Top non-repeatable levels by time:
       D: 4426 daAuts
